AoeStats
← Infadel

Arabia

509027652Analyzed
1v1 RM · 8d ago on Sep 25, 2026· 34m 47s· 2 players
Game mode
Random Map
Map size
Tiny (2 player)
Population
200
Speed
Normal
Resources
Standard
Victory
Conquest
Starting age
Dark Age
Ending age
Imperial Age
RankedLock teamsTeams togetherTeam positionsShared explorationLock speedFull tech treeHidden civsTurbo modeCheats
Victory
Defeat
🇦🇷 Mongols · Argentina
1148
+15
🇮🇳 Mongols · India
1134
-15
Infadel
7:07 Loom
9:42 Feudal Age
12:15 Double-Bit Axe
20:08 Castle Age
18:03 Stone Mining
18:54 Fletching
20:59 Forging
21:42 Bow Saw
24:27 Scale Barding Armor
27:54 Gold Mining
29:34 Bodkin Arrow
30:34 Gold Shaft Mining
31:01 Horse Collar
32:28 Padded Archer Armor
34:25 Wheelbarrow
33:35 Town Watch
34:59 Iron Casting
34:44 Chain Barding Armor
FreeBlue1985
5:09 Loom
11:08 Feudal Age
13:11 Double-Bit Axe
15:43 Castle Age
14:57 Horse Collar
15:33 Fletching
21:36 Gold Mining
23:51 Bow Saw
23:42 Heavy Plow
23:34 Stone Mining
25:34 Bodkin Arrow
26:41 Pikeman
27:26 Town Watch
28:46 Wheelbarrow
31:02 Padded Archer Armor
34:43 Imperial Age
34:14 Ballistics
Connection lost

Rejoining the realm…

Still unreachable

The connection could not be restored.

Session expired

The server has moved on; the page needs a fresh start.